 Dungeon Crawl Stone Soup version 0.29.1-1-gd02db6906a (webtiles) character file.

Game seed: 15528883837678380936

176 Godmorgon the Conjurer (level 5, 0/42 HPs)
             Began as a Tengu Conjurer on Oct 13, 2022.
             Succumbed to a kobold brigand's curare-tipped dart
             ... in a sewer.
             The game lasted 00:12:25 (2467 turns).

Godmorgon the Conjurer (Tengu Conjurer)             Turns: 2467, Time: 00:12:26

Health: 0/42       AC: 22    Str:  7    XL:     5   Next: 56%
Magic:  3/10       EV:  2    Int: 21    God:
Gold:   142        SH:  0    Dex: 12    Spells: 7/10 levels left

rFire   . . .      SeeInvis .   a - +3 short sword (elec)
rCold   . . .      Faith    .   (no shield)
rNeg    . . .      Spirit   .   (body armour currently unavailable)
rPois   +          Reflect  .   (helmet currently unavailable)
rElec   .          Harm     .   (cloak currently unavailable)
rCorr   .          Rampage  .   (gloves currently unavailable)
Will    .....      NoTele   +   (boots unavailable)
Stlth   ++........              o - amulet of the acrobat
HPRegen 0.14/turn               (no ring)
MPRegen 0.12/turn               (no ring)

@: lethally poisoned (0 -> -10), tree-form, slowed, very slow
A: stationary, stasis, torment immunity, boosted hp, (beak), (talons 3), nimble
flight
a: no special abilities


You were in a sewer.
You were a tree.
You visited 1 branch of the dungeon, and saw 3 of its levels.
You also visited: Sewer.

You collected 142 gold pieces.

Inventory:

Hand Weapons
 a - a +3 short sword of electrocution (weapon)
Missiles
 f - 3 javelins
Armour
 d - a +0 robe (melded)
 l - a +0 cloak (melded)
Jewellery
 o - an amulet of the acrobat (around neck)
Wands
 n - a wand of quicksilver (12)
Scrolls
 e - a scroll of noise {unknown}
 g - a scroll of immolation {unknown}
 h - a scroll of amnesia {unknown}
Potions
 b - a potion of magic
 j - a potion of curing
 k - a potion of flight {unknown}
 m - a potion of attraction {unknown}
 p - a potion of degeneration {unknown}


   Skills:
 * Level 1.0 Short Blades
 - Level 2.1 Dodging
 - Level 2.0 Stealth
 + Level 3.0 Spellcasting
 * Level 7.3 Conjurations
 + Level 2.4 Air Magic


You had 7 spell levels left.
You knew the following spells:

 Your Spells              Type           Power      Damage    Failure   Level
d - Magic Dart            Conj           100%       1d8       1%          1
s - Searing Ray           Conj           68%        2d6       1%          2

Your spell library contained the following spells:

 Spells                   Type           Power      Damage    Failure   Level
 Dazzling Flash           Conj/Hex       36%        N/A       9%          3
 Fulminant Prism          Conj/Hex       9%         3d7       28%         4
 Iskenderun's Mystic Bla  Conj/Tloc      18%        2d6       28%         4
 Portal Projectile        Hex/Tloc       6%         N/A       36%         3
 Tukima's Dance           Hex            3%         N/A       36%         3
 Silence                  Hex/Air        4%         N/A       92%         5
 Conjure Ball Lightning   Conj/Air       11%        3x3d6     95%         6
 Agony                    Necr           3%         N/A       98%         5
 Blade Hands              Tmut           1%         N/A       98%         5
 Discord                  Hex            1%         N/A       100%        8
 Disjunction              Tloc           1%         N/A       100%        8


Dungeon Overview and Level Annotations

Branches:
Dungeon (3/15)              Sewer (1/1)

Altars:

Annotations:
D:2 Sigmund


Innate Abilities, Weirdness & Mutations

You are a tree.
Your roots penetrate the ground, keeping you stationary.
You cannot be teleported.
You are immune to unholy pain and torment.
Your maximum health is greatly increased.
Your equipment is partially melded.
((You have a beak for a mouth.))
((You have claws for feet.))
Your magical nature lets you fly swiftly and evasively.


Message History

You see here a jackal corpse.
You start resting.
The kobold brigand throws a curare-tipped dart.
The curare-tipped dart barely misses you.
Casting: Searing Ray (safe; 1% risk of failure)
Confirm with . or Enter, or press ? or * to list all spells.
You don't have enough magic to cast this spell.
Unknown command.
Press: ? - help, v - describe, . - travel
Here: a kobold brigand, wielding a +0 short sword and quivering curare-tipped darts (lightly wounded) Some shallow water.
The kobold brigand throws a curare-tipped dart.
The curare-tipped dart hits you.
You are poisoned.
You have difficulty breathing.
You feel yourself slow down.
Press: ? - help, v - describe, . - travel
Here: a kobold brigand, wielding a +0 short sword and quivering curare-tipped darts (lightly wounded) Some shallow water.
You feel sick.
The kobold brigand throws a curare-tipped dart.
The curare-tipped dart completely misses you.
The kobold brigand throws a curare-tipped dart.
The curare-tipped dart hits you.
You are lethally poisoned!
You have difficulty breathing.
You feel as though you will be slow longer.
Okay, then.
As you read the scroll labelled GYHYISO XABO, it crumbles to dust.
It is a scroll of identify.
i - a potion of lignification
* * * LOW HITPOINT WARNING * * *
You feel very sick.
Really quaff the potion of lignification?
You turn into a tree.
Your +0 cloak melds into your body.
Your +0 robe melds into your body.
Your roots penetrate the ground.
* * * LOW HITPOINT WARNING * * *
You feel very sick.
As you read the scroll of identify, it crumbles to dust.
j - a potion of curing You die...

### ############ #∩# .##
#..~.~..~~.###.### ....
#..~~)~~.~~~.....######
.....#~~≈≈≈~K~~~~~~~~~~~≈≈≈#
.....))†≈≈≈≈≈≈≈≈≈≈≈≈≈≈≈≈≈≈≈≈
K....#~~≈≈≈~~~~~~~≈~~~~≈≈≈≈≈
..~ #.~~~~~~~~~~.....######
. #.~.~~♣~~~.#######
#########~## #~# #~# #~# #~#
#~# #~# #~#


You could see a kobold brigand.

Vanquished Creatures
  Crazy Yiuf (D:2)
  Jessica (D:2)
  Terence (D:2)
  4 river rats (Sewer)
  3 dart slugs (D:1)
  2 bats (D:1)
  An endoplasm (D:1)
  3 giant cockroaches (D:3)
  3 goblins
  4 hobgoblins
  5 jackals
  3 quokkas
  5 ball pythons
  3 frilled lizards (D:1)
  14 kobolds
  6 rats
59 creatures vanquished.

Vanquished Creatures (others)
  A fungus (D:1)
  A plant (D:1)
2 creatures vanquished.

Grand Total: 61 creatures vanquished

Notes
Turn   | Place    | Note
-------+----------+-------------------------------------------
     0 | D:1      | Godmorgon the Tengu Conjurer began the quest for the Orb.
     0 | D:1      | Reached XP level 1. HP: 10/10 MP: 4/4
   246 | D:1      | Reached XP level 2. HP: 15/15 MP: 4/6
   249 | D:1      | Learned a level 2 spell: Searing Ray
   596 | D:1      | Reached skill level 6 in Conjurations
   701 | D:1      | Reached XP level 3. HP: 19/19 MP: 0/7
   831 | D:1      | Found a faded altar of an unknown god.
  1212 | D:2      | Noticed Jessica
  1221 | D:2      | Killed Jessica
  1222 | D:2      | Reached skill level 1 in Air Magic
  1222 | D:2      | Reached XP level 4. HP: 24/24 MP: 3/9
  1397 | D:2      | Noticed Sigmund
  1480 | D:2      | Noticed Terence
  1486 | D:2      | Killed Terence
  1749 | D:2      | Found a runed translucent door.
  1750 | D:2      | Noticed Crazy Yiuf
  1756 | D:2      | Killed Crazy Yiuf
  1757 | D:2      | Reached skill level 7 in Conjurations
  1757 | D:2      | Gained mutation: Your magical nature lets you fly swiftly
                  | and evasively. [Tengu growth]
  1757 | D:2      | Reached XP level 5. HP: 22/28 MP: 5/10
  1760 | D:2      | Identified the +3 hammer of Valour {antimagic, rPois SInv
                  | Stlth-}
  2137 | D:3      | Found a glowing drain.
  2179 | Sewer    | Entered a sewer
  2192 | Sewer    | Reached skill level 1 in Short Blades
  2426 | Sewer    | Noticed a kobold brigand
  2467 | Sewer    | Succumbed to a kobold brigand's curare-tipped dart

Illustrated notes

Levels and vault maps discovered:
D:1:      dpeg_arrival_snail, layout_basic, shapermc_ecumenical_altar_ellora,
          minmay_misc_feat_doors, minmay_door_square
D:2:      layout_rooms, uniq_sigmund, uniq_terence, uniq_crazy_yiuf_cottage,
          uniq_jessica
D:3:      layout_rooms, gup_sewer_entry_pipe, serial_corexii_hall,
          corexii_hall_statues_s, chequers_hall_statues_corner_a
Sewer:    sewer_kobolds

Skill      XL: |  1  2  3  4  5 |
---------------+----------------+-----
Conjurations   | 6 7 |  7.3
Air Magic      | 1 2 |  2.4
Spellcasting   | 3 |  3.0
Short Blades   | 1 |  1.0
Dodging        | |  2.1
Stealth        | |  2.0

Action                   |  1- 3 |  4- 6 || total
-------------------------+-------+-------++-------
Melee: Kick              |     1 |     4 ||     5
       Unarmed           |     1 |       ||     1
       Short sword       |       |    12 ||    12
       Dagger            |       |     4 ||     4
       Peck              |       |     3 ||     3
 Cast: Magic Dart        |    26 |     2 ||    28
       Searing Ray       |    12 |    14 ||    26
  Use: Scroll            |       |     2 ||     2
       Potion            |       |     1 ||     1
Armor: Robe              |       |     1 ||     1
Dodge: Dodged            |     9 |    18 ||    27
